 Dungeon Crawl Stone Soup version 0.21.1-1-g345015f (webtiles) character file.

19396 troglodite the Blocker (level 12, -2/94 HPs)
             Began as a Demonspawn Berserker on Apr 20, 2018.
             Was a High Priest of Trog.
             Engulfed by a cloud of freezing vapour (16 damage)
             ... in an ice cave on Apr 22, 2018.
             The game lasted 00:41:10 (12265 turns).

troglodite the Blocker (Demonspawn Berserker)      Turns: 12265, Time: 00:41:11

Health: -2/94      AC: 20    Str: 19    XL:     12   Next: 36%
Magic:  12/12      EV: 20    Int:  8    God:    Trog [*****.]
Gold:   517        SH:  8    Dex: 23    Spells: 11/11 levels left

rFire    . . .     SeeInvis .   M - +4 falchion
rCold    + . .     Gourm    .   a - +1 buckler {rC+}
rNeg     + . .     Faith    .   y - +1 robe of the Endless Expanse {rPois Regen+ Dex+2}
rPois    +         Spirit   .   w - +2 helmet
rElec    .         Reflect  .   k - +2 cloak
rCorr    .         Harm     .   D - +1 pair of gloves
MR       .....                  f - +0 pair of boots
Stlth    +++.......             (no amulet)
HPRegen  0.65/turn              K - ring of positive energy
MPRegen  0.13/turn              C - +4 ring of dexterity

@: berserk cooldown, slowed, very slow
A: talons 1, iridescent scales 3, spiny 1
a: Berserk, Trog's Hand, Brothers in Arms, Burn Spellbooks, Renounce Religion


You were in an ice cave.
You worshipped Trog.
Trog was extremely pleased with you.
You were not hungry.

You visited 1 branch of the dungeon, and saw 11 of its levels.
You also visited: Bailey and Ice Cave.

You collected 517 gold pieces.

Inventory:

Hand Weapons
 F - a +2 hunting sling of freezing
 M - a +4 falchion (weapon)
 Q - a +2 long sword of freezing
 R - a +2 hunting sling of velocity
Missiles
 G - 86 sling bullets
Armour
 a - a +1 buckler of cold resistance (worn)
 e - a +0 shield
 f - a +0 pair of boots (worn)
 k - a +2 cloak (worn)
 o - the +0 hat "Xaid" {+Blink +Inv Int+3}
   (You found it in an ice cave)

   It affects your intelligence (+3).
   It lets you turn invisible.
   It lets you blink.
 w - a +2 helmet (worn)
 y - the +1 robe of the Endless Expanse (worn) {rPois Regen+ Dex+2}
   (You found it on level 6 of the Dungeon)

   It affects your dexterity (+2).
   It protects you from poison.
   It increases your rate of regeneration.
 D - a +1 pair of gloves (worn)
Jewellery
 x - an uncursed ring of ice
 C - a +4 ring of dexterity (right hand)
 K - a ring of positive energy (left hand)
 L - an uncursed ring of resist corrosion
Wands
 b - a wand of disintegration (25)
 j - a wand of random effects (20)
 q - a wand of flame (50)
 s - a wand of polymorph (7)
 u - a wand of digging (14)
 z - a wand of enslavement (14)
 N - a wand of paralysis (13)
 P - a wand of scattershot (3)
Scrolls
 d - 4 scrolls of fear
 g - 3 scrolls of silence {unknown}
 h - 5 scrolls of identify
 m - 2 scrolls of teleportation
 n - a scroll of random uselessness {unknown}
 v - 5 scrolls of immolation
 I - a scroll of magic mapping
 J - a scroll of torment {unknown}
 O - a scroll of summoning {unknown}
Potions
 i - a potion of heal wounds
 l - 3 potions of haste
 p - a potion of berserk rage
 r - 2 potions of lignification
 t - 2 potions of curing
 A - 3 potions of flight
 B - a potion of agility
 E - a potion of mutation
 H - a potion of ambrosia
Comestibles
 c - 10 rations


   Skills:
 * Level 8.5 Fighting
 + Level 8.7 Long Blades
 * Level 4.0 Slings
 * Level 8.2 Armour
 * Level 8.4 Dodging
 + Level 2.6 Stealth
 * Level 9.3 Shields
 + Level 0.7 Unarmed Combat


You had 11 spell levels left.
You didn't know any spells.

Dungeon Overview and Level Annotations

Branches:
Dungeon (11/15)            Temple (0/1) D:7            Lair (0/6) D:11
    Orc: D:9-12

Altars:
Cheibriados
Nemelex Xobeh
Okawaru
Qazlal
Sif Muna
Vehumet
Xom

Shops:
D:4 *   D:6 (   D:8 !   D:10 ((}[


Innate Abilities, Weirdness & Mutations

You have sharp toenails.
You are completely covered in iridescent scales. (AC +6)
You are partially covered in sharp spines.


Message History

* * * LOW HITPOINT WARNING * * *
Unknown command.
You slash the ice devil!
You kill the ice devil!
Trog accepts your kill.
You are engulfed in freezing vapours.
You resist.
* * * LOW HITPOINT WARNING * * *
Unknown command.
You are engulfed in freezing vapours.
You resist.
You're standing in a cloud of freezing vapour!
You feel a strong urge to attack something.
You are no longer berserk.
Trog's vigour flows through your veins.
You are exhausted.
You feel yourself slow down.
You feel much better.
You are engulfed in freezing vapours.
You resist.
* * * LOW HITPOINT WARNING * * *
You are engulfed in freezing vapours.
You resist.
You die...

###...######
##§§.....#
###.§.§.....
###§§§§§....##
##§§§§.§####§.#
##.§§§§§§# ..
##.§§§§§§## .
#...§§§§##.
##.@§§§§§..
##§..§.###
###..#§§.
####§.§ ##≈


There were no monsters in sight!

Vanquished Creatures
  Harold (D:10)
  A centaur warrior (D:10)
  3 two-headed ogres
  A deep elf archer (Bailey)
  5 deep elf magi (Bailey)
  A cyclops (D:10)
  Joseph (D:8)
  2 ice statues (IceCv)
  A centaur skeleton (D:10)
  2 rime drakes (D:11)
  4 ice devils (IceCv)
  2 trolls
  Prince Ribbit (D:7)
  A hippogriff (D:8)
  14 yaks
  4 hogs (D:7)
  2 wyverns
  A hungry ghost (D:7)
  A human (D:7)
  Edmund (D:4)
  4 sky beasts
  An eye of draining (D:10)
  6 ice beasts
  4 phantoms
  A hornet zombie (D:10)
  6 ogres
  An orc warrior (D:9)
  3 centaurs
  The ghost of soepske the Gusty, an amateur DrAE (D:3)
  3 big kobolds
  6 bullfrogs
  A water moccasin zombie (D:11)
  2 scorpions
  A wyvern skeleton (D:10)
  5 killer bees (D:8)
  5 wights (D:10)
  3 howler monkeys
  A centaur zombie (D:5)
  A lava snake (D:10)
  A crimson imp (D:8)
  2 bullfrog zombies
  4 hounds
  3 bullfrog skeletons
  9 orc priests
  A jelly (D:9)
  Ijyb (D:4)
  10 orc wizards
  8 worker ants
  Natasha (thrice) (D:4)
  2 hound skeletons
  A hound zombie (D:6)
  A worker ant zombie (D:10)
  11 adders
  4 gnolls (D:3)
  A howler monkey skeleton (D:10)
  A shadow imp (D:6)
  8 white imps (IceCv)
  6 ufetubi (IceCv)
  2 oozes
  An adder zombie (D:8)
  2 adder skeletons
  2 worms
  4 dart slugs
  5 leopard geckos
  30 orcs
  8 giant cockroaches
  8 goblins
  4 hobgoblins
  3 jackals (D:4)
  6 quokkas
  6 bats
  9 frilled lizards
  2 jackal skeletons
  17 kobolds
  5 rats
295 creatures vanquished.

Vanquished Creatures (collateral kills)
  3 deep elf magi (Bailey)
  4 ice devils (IceCv)
7 creatures vanquished.

Vanquished Creatures (others)
  A reaper (IceCv)
  2 white imps (IceCv)
  5 ufetubi (IceCv)
  An orc (D:10)
9 creatures vanquished.

Grand Total: 311 creatures vanquished

Notes
Turn   | Place    | Note
-------+----------+-------------------------------------------
     0 | D:1      | troglodite the Demonspawn Berserker began the quest for the Orb.
     0 | D:1      | Reached XP level 1. HP: 18/18 MP: 1/1
   145 | D:1      | Gained mutation: You are partially covered in iridescent scales. (AC +2) [demonic ancestry]
   145 | D:1      | Reached XP level 2. HP: 21/24 MP: 2/2
  1050 | D:2      | Found a shimmering altar of Xom.
  1092 | D:2      | Gained mutation: You have sharp toenails. [demonic ancestry]
  1092 | D:2      | Reached XP level 3. HP: 15/29 MP: 3/3
  1533 | D:2      | Reached ** piety under Trog
  1753 | D:2      | Reached skill level 1 in Shields
  2051 | D:2      | Reached XP level 4. HP: 34/35 MP: 4/4
  2151 | D:3      | Noticed soepske's ghost (amateur DrAE)
  2158 | D:3      | Killed soepske's ghost
  2158 | D:3      | Gained mutation: You are mostly covered in iridescent scales. (AC +4) [demonic ancestry]
  2158 | D:3      | Reached XP level 5. HP: 42/42 MP: 5/5
  2596 | D:3      | Found a stormy altar of Qazlal.
  2633 | D:3      | Reached skill level 1 in Stealth
  2642 | D:3      | Reached skill level 2 in Shields
  2857 | D:3      | Reached XP level 6. HP: 41/48 MP: 6/6
  2936 | D:4      | Noticed Edmund
  2950 | D:4      | Killed Edmund
  2950 | D:4      | Reached *** piety under Trog
  3034 | D:4      | Reached skill level 3 in Shields
  3042 | D:4      | Reached XP level 7. HP: 31/54 MP: 7/7
  3438 | D:4      | Noticed Natasha
  3443 | D:4      | Killed Natasha
  3494 | D:4      | Found Moacsamo's General Store.
  3810 | D:4      | Reached skill level 4 in Shields
  4237 | D:4      | Noticed Natasha
  4245 | D:4      | Killed Natasha
  4318 | D:4      | Noticed Natasha
  4327 | D:4      | Killed Natasha
  4546 | D:4      | Found a deep blue altar of Sif Muna.
  4546 | D:4      | Noticed Ijyb
  4568 | D:4      | Killed Ijyb
  4758 | D:5      | Entered Level 5 of the Dungeon
  4832 | D:5      | Reached XP level 8. HP: 44/61 MP: 8/8
  5216 | D:5      | Reached **** piety under Trog
  5544 | D:5      | Reached skill level 5 in Armour
  5818 | D:5      | Reached skill level 5 in Long Blades
  6119 | D:6      | Reached skill level 5 in Fighting
  6119 | D:6      | Reached skill level 5 in Shields
  6185 | D:6      | Got a fine robe
  6208 | D:6      | Identified the +1 robe of the Endless Expanse {rPois Regen+ Dex+2} (You found it on level 6 of the Dungeon)
  6259 | D:6      | Found an iron altar of Okawaru.
  6373 | D:6      | Reached XP level 9. HP: 67/68 MP: 9/9
  6627 | D:6      | Found Rearoud's Weapon Shoppe.
  6988 | D:7      | Found a sparkling altar of Nemelex Xobeh.
  7030 | D:7      | Noticed Prince Ribbit
  7053 | D:7      | Killed Prince Ribbit
  7306 | D:7      | Reached skill level 5 in Dodging
  7306 | D:7      | Reached skill level 6 in Shields
  7367 | D:7      | Found a staircase to the Ecumenical Temple.
  7450 | D:8      | Noticed Joseph
  7451 | D:8      | Noticed a two-headed ogre
  7464 | D:8      | Killed Joseph
  7479 | D:8      | Killed a two-headed ogre
  7479 | D:8      | Gained mutation: You are completely covered in iridescent scales. (AC +6) [demonic ancestry]
  7479 | D:8      | Reached XP level 10. HP: 31/76 MP: 10/10
  7758 | D:8      | Reached ***** piety under Trog
  7820 | D:8      | Noticed a two-headed ogre
  7873 | D:8      | Killed a two-headed ogre
  7873 | D:8      | Reached skill level 1 in Slings
  7873 | D:8      | Reached skill level 7 in Shields
  8090 | D:8      | Found Zeq Navodomo's Distillery.
  8991 | D:9      | Found a radiant altar of Vehumet.
  9080 | D:9      | Received a gift from Trog
  9140 | D:9      | Reached XP level 11. HP: 75/83 MP: 11/11
  9239 | D:9      | Noticed a two-headed ogre
  9262 | D:9      | Killed a two-headed ogre
  9262 | D:9      | Reached skill level 8 in Shields
  9834 | D:10     | Entered Level 10 of the Dungeon
  9890 | D:10     | Found Ekennopa's Antique Weapon Boutique.
 10029 | D:10     | Found Feaso's General Store.
 10120 | D:10     | Found Danur's Antique Weapon Emporium.
 10166 | D:10     | Found Xostraoh's Gadget Shop.
 10476 | D:10     | Found Zuofit's Antique Armour Emporium.
 10701 | D:10     | Noticed a centaur warrior
 10715 | D:10     | Killed a centaur warrior
 10790 | D:10     | Noticed Harold
 10812 | D:10     | Killed Harold
 11007 | D:10     | Found a snail-covered altar of Cheibriados.
 11222 | D:11     | Found a flagged portal.
 11235 | Bailey   | Entered a bailey
 11243 | Bailey   | Noticed a deep elf mage
 11260 | Bailey   | Killed a deep elf mage
 11260 | Bailey   | Received a gift from Trog
 11274 | Bailey   | Noticed a deep elf mage
 11275 | Bailey   | Noticed a deep elf mage
 11275 | Bailey   | Noticed a deep elf mage
 11275 | Bailey   | Noticed a deep elf mage
 11275 | Bailey   | Noticed a deep elf mage
 11278 | Bailey   | Noticed a deep elf mage
 11291 | Bailey   | Killed a deep elf mage
 11293 | Bailey   | Killed a deep elf mage
 11300 | Bailey   | Killed a deep elf mage
 11301 | Bailey   | Killed a deep elf mage
 11302 | Bailey   | Noticed a sun demon
 11306 | Bailey   | Killed a deep elf mage
 11312 | Bailey   | Killed a deep elf mage
 11369 | Bailey   | Noticed a deep elf mage
 11379 | Bailey   | Killed a deep elf mage
 11379 | Bailey   | Gained mutation: You are partially covered in sharp spines. [demonic ancestry]
 11379 | Bailey   | Reached XP level 12. HP: 88/92 MP: 12/12
 11461 | Bailey   | Reached skill level 9 in Shields
 11483 | Bailey   | Received a gift from Trog
 11562 | D:11     | Found a frozen archway.
 11645 | IceCv    | Entered an ice cave
 11789 | IceCv    | Killed a reaper
 11990 | IceCv    | Got a faintly humming hat
 12001 | IceCv    | Identified the +0 hat "Xaid" {+Blink +Inv Int+3} (You found it in an ice cave)
 12124 | IceCv    | Received a gift from Trog
 12253 | IceCv    | HP: 6/141 [something (6)]
 12256 | IceCv    | HP: 2/141 [something (1)]
 12265 | IceCv    | Engulfed by a cloud of freezing vapour

Skill      XL: |  1  2  3  4  5  6  7  8  9 10 11 12 |
---------------+-------------------------------------+-----
Dodging        | 2 3 4 5 6 8 |  8.4
Long Blades    | 3 4 5 6 7 8 |  8.7
Armour         | 2 3 4 5 6 7 8 |  8.2
Shields        | 1 2 3 4 5 6 7 8 9 |  9.3
Stealth        | 1 2 |  2.6
Fighting       | 4 5 6 8 |  8.5
Slings         | 2 3 4 |  4.0
Unarmed Combat | |  0.7

Action                   |  1- 3 |  4- 6 |  7- 9 | 10-12 || total
-------------------------+-------+-------+-------+-------++-------
Melee: Falchion          |   109 |   165 |   443 |   585 ||  1302
       Kick              |    10 |    41 |   156 |   193 ||   400
       Unarmed           |       |       |     2 |       ||     2
       Long sword        |       |       |       |   274 ||   274
Invok: Berserk           |       |     4 |     9 |    15 ||    28
       Brothers in Arms  |       |       |       |     2 ||     2
       Burn Spellbooks   |       |       |       |     1 ||     1
  Use: Scroll            |       |       |    14 |     8 ||    22
       Potion            |       |       |       |     2 ||     2
 Stab: Sleeping          |     2 |       |     1 |     4 ||     7
  Eat: Chunk             |     4 |     5 |    20 |    24 ||    53
       Ration            |       |       |     2 |     3 ||     5
Armor: Animal skin       |    33 |       |       |       ||    33
       Chain mail        |       |   129 |   148 |       ||   277
       Robe              |       |       |    30 |   229 ||   259
Dodge: Dodged            |    55 |    37 |   112 |   477 ||   681
Block: Shield            |    23 |    78 |   216 |   524 ||   841
       Buckler           |       |       |       |    15 ||    15
       Rpst.: Falchion   |    16 |    11 |    41 |    72 ||   140
       Long sword        |       |       |       |    42 ||    42
